 Dungeon Crawl Stone Soup version 0.29-a0-284-gf9362112df (webtiles) character file.

Game seed: 14826009929136792401

1 rabbitsville the Firebug (level 1, 0/11 HPs)
             Began as an Octopode Fire Elementalist on Mar 23, 2022.
             Slain by a kobold
             ... wielding a +0 whip
              (1 damage)
             ... on level 1 of the Dungeon.
             The game lasted 00:00:38 (110 turns).

rabbitsville the Firebug (OpFE)                      Turns: 110, Time: 00:00:39

Health: 0/11       AC:  1    Str:  7    XL:     1   Next: 20%
Magic:  0/3        EV: 13    Int: 17    God:
Gold:   0          SH:  0    Dex: 12    Spells: 3/4 levels left

rFire   . . .      SeeInvis .   (no weapon)
rCold   . . .      Faith    .   (no shield)
rNeg    . . .      Spirit   .   (helmet restricted)
rPois   .          Reflect  .   (no amulet)
rElec   .          Harm     .   (no ring)
rCorr   .          Rampage  .   (no ring)
Will    .....                   (no ring)
Stlth   +++.......              (no ring)
HPRegen 0.03/turn               (no ring)
MPRegen 0.08/turn               (no ring)
                                (no ring)
                                (no ring)

@: no status effects
A: almost no armour, amphibious, 8 rings, camouflage 1, gelatinous body 1,
(nimble swimmer 1), tentacles
a: no special abilities


You were on level 1 of the Dungeon.
You visited 1 branch of the dungeon, and saw 1 of its levels.

Inventory:

Scrolls
 b - a scroll of identify {unknown}
Potions
 a - a potion of magic


   Skills:
 - Level 2.0 Dodging
 - Level 2.6 Stealth
 + Level 2.0 Spellcasting
 - Level 1.0 Conjurations
 + Level 3.0 Fire Magic


You had 3 spell levels left.
You knew the following spells:

 Your Spells              Type           Power      Damage    Failure   Level
a - Foxfire               Conj/Fire      32%        2x1d5     9%          1

Your spell library contained the following spells:

 Spells                   Type           Power      Damage    Failure   Level
 Scorch                   Fire           24%        2d6       9%          2
 Conjure Flame            Conj/Fire      8%         6-21      26%         3
 Inner Flame              Hex/Fire       6%         N/A       30%         3
 Flame Wave               Conj/Fire      8%         2d5       63%         4
 Fulminant Prism          Conj/Hex       1%         3d6       83%         4
 Iskenderun's Mystic Bla  Conj/Tloc      3%         2d3       83%         4
 Lee's Rapid Deconstruct  Erth           0%         3d5*      99%         5


Dungeon Overview and Level Annotations

Branches:
Dungeon (1/15)

Altars:


Innate Abilities, Weirdness & Mutations

You cannot wear most types of armour.
You are amphibious.
You can wear up to eight rings at the same time.
Your skin changes colour to match your surroundings (Stealth+).
Your rubbery body absorbs attacks. (AC +1, EV +1)
((You are camouflaged when in or above water. (Stealth+)))
You have tentacles for arms and can constrict up to eight enemies at once.


Message History

b - a scroll labelled FOLOPAY ZYLE
Okay, then.
A kobold and an endoplasm come into view.
Casting: Foxfire (safe; 9% risk of failure)
Press: ? - help, Q - select action Dir - look around, f - activate You conjure some foxfire!
The kobold shouts!
The endoplasm quivers.
A rat comes into view.
The foxfire hits the endoplasm.
The endoplasm is heavily wounded.
The foxfire hits the kobold.
The kobold is moderately wounded.
Casting: Foxfire (safe; 9% risk of failure)
Press: ? - help, Q - select action Dir - look around, f - activate
Okay, then.
Unknown command.
The kobold closely misses you. The endoplasm barely misses you.
Found 6 gold pieces.
The kobold hits you with a +0 whip. The endoplasm freezes you.
You are frozen.
Casting: Foxfire (safe; 9% risk of failure)
Press: ? - help, Q - select action Dir - look around, f - activate You conjure some foxfire!
The kobold closely misses you. The endoplasm barely misses you.
The rat bites you.
You tentacle-slap the rat. You grab the rat. You squeeze the rat.
You kill the rat!
The foxfire hits the kobold.
The kobold is heavily wounded.
The kobold hits you with a +0 whip.
* * * LOW HITPOINT WARNING * * *
The endoplasm freezes you.
You are frozen.
* * * LOW HITPOINT WARNING * * *
Casting: Foxfire (safe; 9% risk of failure)
Press: ? - help, Q - select action Dir - look around, f - activate You conjure some foxfire!
The kobold hits you with a +0 whip.
You die...

#.........#
#.#######.###
# #.# #...# #
# #.##
###.#######
.$# #..#
#.....#..
#... ##.# #
#####.#.#
.....##.###.#
#...#
......KvJ...#
###.#
..#.###@v...#
#.. ####..#
### .## #


You could see an endoplasm (ally target) and a kobold (ally target).

Vanquished Creatures
  A frilled lizard (D:1)
  A rat (D:1)
2 creatures vanquished.

Vanquished Creatures (others)
  5 foxfires (D:1)
5 creatures vanquished.

Grand Total: 7 creatures vanquished

Notes
Turn   | Place    | Note
-------+----------+-------------------------------------------
     0 | D:1      | rabbitsville the Octopode Fire Elementalist began the quest
                  | for the Orb.
     0 | D:1      | Reached XP level 1. HP: 11/11 MP: 3/3
   110 | D:1      | Slain by a kobold

Illustrated notes

Levels and vault maps discovered:
D:1:      elethiomel_arrival_maze, layout_loops_ring,
          ebering_ecumenical_altar_hall

Action                   || total
-------------------------++-------
Melee: Unarmed           ||     1
       Constrict         ||     1
       Tentacles         ||     1
 Cast: Foxfire           ||     4
Dodge: Dodged            ||     4

Table legend: (Time is in decaauts)
 A = Elapsed time spent in this place.
 B = Non-inter-level travel time spent in this place.
 C = Inter-level travel time spent in this place.
 D = Time resting spent in this place.
 E = Time spent auto-exploring this place.
 F = Levels seen in this place.
 G = Mean time per level.
                   A        B        C        D        E       F      G
               +--------+--------+--------+--------+--------+-----+--------+
         Total |    110 |    110 |      0 |      0 |     95 |   1 |  110.0 |
       Dungeon |    110 |    110 |      0 |      0 |     95 |   1 |  110.0 |
               +--------+--------+--------+--------+--------+-----+--------+

Top non-repeatable levels by time:
     D:1: 110 daAuts
